 Dungeon Crawl Stone Soup version 0.27-a0-906-g0a00ce863d (webtiles) character file.

Game seed: 14188295739087086477

30 jestyr24 the Stinger (level 3, -2/24 HPs)
             Began as a Demonspawn Venom Mage on Apr 6, 2021.
             Was a Follower of Vehumet.
             Slain by Sigmund
             ... wielding a +0 scythe
              (13 damage)
             ... on level 2 of the Dungeon.
             The game lasted 00:14:33 (1331 turns).

jestyr24 the Stinger (Demonspawn Venom Mage)        Turns: 1331, Time: 00:14:34

Health: -2/24      AC:  2    Str:  8    XL:     3   Next: 3%
Magic:  3/6        EV: 12    Int: 17    God:    Vehumet [*.....]
Gold:   37         SH:  0    Dex: 19    Spells: 3/7 levels left

rFire    . . .     SeeInvis .   c - +0 short sword (venom)
rCold    . . .     Faith    .   (no shield)
rNeg     . . .     Spirit   .   a - +0 robe
rPois    .         Reflect  .   (helmet restricted)
rElec    .         Harm     .   (no cloak)
rCorr    .         Rampage  .   (no gloves)
Will     .....                  (no boots)
Stlth    ++........             (no amulet)
HPRegen  0.08/turn              b - +6 ring of dexterity
MPRegen  0.10/turn              (no ring)

@: no status effects
A: antennae 1, sturdy frame 1
a: Renounce Religion


You were on level 2 of the Dungeon.
You worshipped Vehumet.
Vehumet was aware of your devotion.
You visited 1 branch of the dungeon, and saw 2 of its levels.

You collected 37 gold pieces.

Inventory:

Hand Weapons
 c - a +0 short sword of venom (weapon)
 f - a +0 hunting sling
Missiles
 d - 60 stones
Armour
 a - a +0 robe (worn)
 i - a +0 leather armour
Jewellery
 b - a +6 ring of dexterity (left hand)
Scrolls
 e - a scroll of fear {unknown}
 j - a scroll of enchant armour {unknown}
Potions
 g - a potion of degeneration {unknown}
 h - a potion of might {unknown}


   Skills:
 + Level 2.0 Dodging
 + Level 1.8 Stealth
 * Level 2.5 Spellcasting
 - Level 0.8 Transmutations
 * Level 3.6 Poison Magic


You had 3 spell levels left.
You knew the following spells:

 Your Spells              Type           Power      Damage    Failure   Level
a - Sting                 Tmut/Pois      36%        1d4       8%          1
b - Shock                 Conj/Air       8%         1d3       19%         1
c - Poisonous Vapours     Pois/Air       16%        N/A       13%         2

Your spell library contained the following spells:

 Spells                   Type           Power      Damage    Failure   Level
 Ignite Poison            Fire/Tmut/Pois 7%         N/A       30%         3
 Mephitic Cloud           Conj/Pois/Air  6%         N/A       32%         3
 Olgreb's Toxic Radiance  Pois           14%        N/A       38%         4


Dungeon Overview and Level Annotations

Branches:
Dungeon (2/15)

Altars:
Vehumet

Annotations:
D:2 Jessica, Sigmund


Innate Abilities, Weirdness & Mutations

You have a pair of small antennae on your head.
Your movements are slightly less encumbered by armour. (ER -2)


Message History

Poisonous vapours surround Jessica!
Jessica is poisoned.
Jessica casts a spell at you. Pain shoots through your body!
Ouch! That really hurt!
Casting: Poisonous Vapours (safe; 13% risk of failure)
Confirm with . or Enter, or press ? or * to list all spells.
Aiming: Sting (safe; 8% risk of failure)
Press: ? - help, Shift-Dir - straight line, f/p - Jessica
Aim: Jessica, wielding a +0 dagger and wearing a +0 robe (poisoned, 32% to evade)
The sting misses Jessica.
Sigmund the Dreaded comes into view.
He is wielding a +0 scythe.
Jessica casts a spell.
Jessica blinks!
Your magical contamination has completely faded away.
Sigmund screams, "Die, monster!"
There is a stone staircase leading down here.
Sigmund gestures at you while chanting.
You are confused.
Sigmund laughs darkly.
You bump into the rock wall.
Jessica gestures wildly while chanting.
Jessica blinks!
You miss Jessica.
Jessica is heavily wounded.
Sigmund casts a spell at you. You resist with significant effort.
Jessica closely misses you.
You're too confused to cast spells.
Okay, then.
Unknown command.
You're too confused to cast spells.
Okay, then.
You closely miss Jessica.
Jessica is heavily wounded.
Jessica points at you and mumbles some strange words.
You barely resist.
You bump into the rock wall.
You feel less confused.
Sigmund hits you from afar with a +0 scythe!
Ouch! That really hurt!
You die...

........# ######..##
...###..## ........#
.......^.# #######.#
...#.##..######### ##.####
...#.#...[.......# #.....#
...#.#...........# #####.#
#.##.#.#..#####..# #.#
.....#...........########.#
..........>...@.@@........#
.....#####.###.############
.........#.# #........
.....#...#.###########
.....#...#@....@..
.....#...#..#####.
.....#......# .....#..###.#
######..# ...


You could see Sigmund and Jessica.

Vanquished Creatures
  3 ball pythons (D:1)
  3 bats (D:1)
  3 endoplasms (D:1)
  2 giant cockroaches (D:1)
  A goblin (D:1)
  4 hobgoblins (D:1)
  3 jackals (D:1)
  2 kobolds (D:1)
  A quokka (D:1)
  2 rats (D:1)
24 creatures vanquished.

Notes
Turn   | Place    | Note
-------+----------+-------------------------------------------
     0 | D:1      | jestyr24 the Demonspawn Venom Mage began the quest for the
                  | Orb.
     0 | D:1      | Reached XP level 1. HP: 13/13 MP: 3/3
     7 | D:1      | Found a faded altar of an unknown god.
    26 | D:1      | Became a worshipper of Vehumet
    26 | D:1      | Reached * piety under Vehumet
    26 | D:1      | Offered knowledge of Shock by Vehumet.
    29 | D:1      | Learned a level 1 spell: Shock
   192 | D:1      | Gained mutation: You have a pair of small antennae on your
                  | head. [demonic ancestry]
   192 | D:1      | Reached XP level 2. HP: 19/19 MP: 0/5
   753 | D:1      | Learned a level 2 spell: Poisonous Vapours
   890 | D:1      | Gained mutation: Your movements are slightly less
                  | encumbered by armour. (ER -2) [demonic ancestry]
   890 | D:1      | Reached XP level 3. HP: 20/24 MP: 3/6
  1311 | D:2      | Noticed Jessica
  1314 | D:2      | Noticed Sigmund
  1331 | D:2      | Slain by Sigmund

Illustrated notes

Levels and vault maps discovered:
D:1:      dpeg_arrival_pits, layout_basic,
          shapermc_ecumenical_altar_starsandcircs
D:2:      layout_basic, uniq_terence, uniq_sigmund, uniq_robin, uniq_jessica

Skill      XL: |  1  2 |
---------------+-------+-----
Dodging        | 2 |  2.0
Stealth        | |  1.8
Spellcasting   | |  2.5
Transmutations | |  0.8
Poison Magic   | |  3.6

Action                   || total
-------------------------++-------
Melee: Short sword       ||    18
 Cast: Sting             ||    29
       Poisonous Vapours ||     3
Armor: Robe              ||     3
Dodge: Dodged            ||    21

Table legend: (Time is in decaauts)
 A = Elapsed time spent in this place.
 B = Non-inter-level travel time spent in this place.
 C = Inter-level travel time spent in this place.
 D = Time resting spent in this place.
 E = Time spent auto-exploring this place.
 F = Levels seen in this place.
 G = Mean time per level.
                   A        B        C        D        E       F      G
               +--------+--------+--------+--------+--------+-----+--------+
         Total |   1331 |   1294 |     37 |    392 |    623 |   2 |  665.5 |
       Dungeon |   1331 |   1294 |     37 |    392 |    623 |   2 |  665.5 |
               +--------+--------+--------+--------+--------+-----+--------+

Top non-repeatable levels by time:
     D:1: 1242 daAuts
     D:2: 89 daAuts
